 Dungeon Crawl Stone Soup version 0.31-a0-1626-g5cb510d322 (webtiles) character file.

Game seed: 234995738263884952

142985 croobank the Dealer of Despair (level 16, -1/93 HPs)
             Began as a Felid Summoner on Jan 12, 2024.
             Was an Elder of Kikubaaqudgha.
             Slain by an azure jelly (11 damage)
             ... on level 3 of the Pits of Slime on Jan 13, 2024.
             The game lasted 03:45:06 (40825 turns).

croobank the Dealer of Despair (Felid Summoner)    Turns: 40825, Time: 03:45:06

Health: -1/93      AC:  3    Str:  5    XL:     16   Next: 81%
Magic:  18/35      EV: 26    Int: 27    God:    Kikubaaqudgha [****..]
Gold:   1532       SH:  0    Dex: 22    Spells: 5/43 levels left
                                        Lives:  0   Deaths: 5

rFire   . . .        (weapon unavailable)
rCold   + + .        (shield unavailable)
rNeg    . . .        (body armour unavailable)
rPois   .            (helmet unavailable)
rElec   .            (cloak unavailable)
rCorr   .            (gloves unavailable)
SInv    +            (boots unavailable)
Will    ++...        E - amulet of regeneration
Stlth   +++          c - ring of protection from cold
HPRegen 1.15/turn    f - +6 ring of intelligence
MPRegen 0.24/turn

%: no passive effects
@: beast-form, death channelling, engulfed (cannot breathe)
A: beast (slay +0), very small, claws 1, fangs 3, see invisible, shaggy fur 3,
stealthy paws, no weapons or thrown items, no armour, multi-lived, agile 1,
dopey 1, robust 1, no potion heal 1
a: Begin Untransformation, Renounce Religion, Unearth Wretches


You were on level 3 of the Pits of Slime.
You worshipped Kikubaaqudgha.
Kikubaaqudgha was greatly pleased with you.
You were a hulking beast.
You visited 6 branches of the dungeon, and saw 29 of its levels.
You visited the Abyss 1 time.
You also visited: Gauntlet and Ice Cave.

You collected 2515 gold pieces.
You spent 983 gold pieces at shops.

Inventory:

Jewellery
 b - a +6 ring of strength
 c - a ring of protection from cold (left paw)
 f - a +6 ring of intelligence (right paw)
 m - a ring of wizardry
 u - a ring of willpower
 v - a ring of fire
 D - a ring of flight
 E - an amulet of regeneration (around neck)
 G - a ring of ice
 H - a ring of resist corrosion
 K - a ring of poison resistance
 L - a ring of ice
 P - a +5 ring of evasion
Talismans
 j - a beast talisman (active)
Wands
 h - a wand of mindburst (21)
 w - a wand of iceblast (13)
 x - a wand of paralysis (5)
 I - a wand of flame (17)
 M - a wand of digging (1)
Scrolls
 d - 4 scrolls of noise
 i - 9 scrolls of teleportation
 k - 3 scrolls of revelation
 l - a scroll of vulnerability
 p - 3 scrolls of amnesia
 C - 3 scrolls of fog
 N - a scroll of silence
 O - a scroll of poison
 Q - 3 scrolls of identify
 R - a scroll of torment
 T - a scroll of fear
Potions
 a - a potion of magic
 e - 2 potions of brilliance
 g - 2 potions of attraction
 n - 3 potions of invisibility
 o - a potion of might
 q - 6 potions of mutation
 r - 7 potions of lignification
 t - 4 potions of ambrosia
 z - 8 potions of curing
 A - 4 potions of cancellation
 F - 2 potions of berserk rage
Miscellaneous
 s - a lightning rod (4/4)
 J - a sack of spiders


   Skills:
 - Level 10.0 Fighting
 - Level 10.4 Dodging
 - Level 5.0 Stealth
 + Level 14.1 Spellcasting
 - Level 12.0 Summonings
 * Level 19.2 Necromancy
 - Level 5.0 Fire Magic
 - Level 7.0 Air Magic


You had 5 spell levels left.
You knew the following spells:

 Your Spells              Type           Power      Damage    Failure   Level
c - Call Canine Familiar  Summ           71%        N/A       1%          3
d - Summon Blazeheart Go  Fire/Summ      60%        N/A       1%          4
e - Summon Lightning Spi  Summ/Air       63%        N/A       1%          4
A - Animate Dead          Necr           89%        N/A       0%          4
D - Death Channel         Necr           44%        N/A       1%          6
H - Haunt                 Necr/Summ      40%        N/A       4%          7
X - Death's Door          Necr           44%        N/A       73%         9
Z - Apportation           Tloc           38%        N/A       2%          1

Your spell library contained the following spells:

 Spells                   Type           Power      Damage    Failure   Level
 Necrotise                Necr           100%       1d9       0%          1
 Sublimation of Blood     Necr           89%        N/A       0%          2
 Fugue of the Fallen      Necr           89%        N/A       0%          3
 Vampiric Draining        Necr           89%        2d12      0%          3
 Dispel Undead            Necr           89%        3d28      0%          4
 Summon Small Mammal      Summ           100%       N/A       1%          1
 Call Imp                 Summ           100%       N/A       1%          2
 Cigotuvi's Dreadful Rot  Necr/Alch/Air  100%       N/A       1%          2
 Mercury Vapours          Alch/Air       74%        N/A       1%          2
 Borgnjor's Vile Clutch   Necr/Erth      31%        N/A       1%          5
 Curse of Agony           Necr           89%        N/A       1%          5
 Slow                     Hex            76%        N/A       2%          1
 Mephitic Cloud           Conj/Alch/Air  31%        N/A       3%          3
 Blink                    Tloc           38%        N/A       4%          2
 Jinxbite                 Hex            38%        N/A       4%          2
 Lesser Beckoning         Tloc           38%        N/A       4%          2
 Momentum Strike          Conj/Tloc      38%        3d9       4%          2
 Confusing Touch          Hex            19%        N/A       9%          3
 Ozocubu's Armour         Ice            19%        N/A       9%          3
 Sigil of Binding         Hex            19%        N/A       9%          3
 Ignite Poison            Fire/Alch      32%        N/A       10%         4
 Cause Fear               Hex            9%         N/A       28%         4
 Manifold Assault         Tloc           19%        N/A       28%         4
 Fireball                 Conj/Fire      16%        3d8       28%         5
 Freezing Cloud           Conj/Ice/Air   15%        6-21      30%         5
 Alistair's Intoxication  Alch           12%        N/A       61%         5
 Borgnjor's Revivificati  Necr           44%        N/A       7%          8
 Infestation              Necr           44%        N/A       7%          8
 Sculpt Simulacrum        Ice/Alch       9%         N/A       99%         6
 Ozocubu's Refrigeration  Ice            9%         4d9       100%        7
 Dragon's Call            Summ           35%        N/A       100%        9
 Polar Vortex             Ice            9%         12d1*     100%        9


Dungeon Overview and Level Annotations

Branches:
Dungeon (15/15)            Temple (1/1) D:4            Lair (5/5) D:11
 Shoals (0/4) Lair:3        Snake (3/4) Lair:3        Slime (3/5) Lair:5
    Orc (2/2) D:10            Elf (0/3) Orc:2        Vaults (0/5) D:14
 Depths (0/4) D:15          IceCv (visited)         Gauntlet (visited)

Altars:
Ashenzari
Cheibriados
Dithmenos
Elyvilon
Fedhas
Gozag
Hepliaklqana
Kikubaaqudgha
Makhleb
Nemelex Xobeh
Okawaru
Qazlal
Ru
Sif Muna
Trog
Uskayaw
Vehumet
Wu Jian
Xom
Yredelemnul
Zin
The Shining One
Jiyva

Shops:
D:5 *[   D:6 [*   Orc:2 ([*=   Snake:1 [*?   Snake:2 ?

Annotations:
D:7 1 runed translucent door, Crazy Yiuf


Innate Abilities, Weirdness & Mutations

You are a hulking beast.
Your limbs bulge with bestial killing power. (Slay +0)
You have sharp claws.
You have razor-sharp teeth.
You have supernaturally acute eyesight. (SInv)
Your thick and shaggy fur keeps you warm. (AC +3, rC+)
Your paws help you pounce on unaware monsters.
You are incapable of wielding weapons or throwing items.
You cannot wear armour.
You gain extra lives every three experience levels.
You are agile. (Dex +4, Str/Int -1)
You are dopey. (Int -2)
You are robust. (+10% HP)
Potions are less effective at restoring your health.


Message History

The quicksilver ooze hits your blazeheart golem.
Your blazeheart golem punches the quicksilver ooze!!
Your blazeheart golem's core grows cold and it stops moving.
The azure jelly completely misses you. The azure jelly barely misses you.
The azure jelly closely misses you. The azure jelly completely misses you.
Your reaping aura is weakening.
Casting: Summon Blazeheart Golem (mildly dangerous; 1% risk of failure)
Confirm with . or Enter, or press ? or * to list all spells.
You don't have enough magic to cast this spell.
The quicksilver ooze completely misses you.
The quicksilver ooze closely misses you.
The azure jelly attacks as it pursues you!
The azure jelly barely misses you. The azure jelly closely misses you.
The azure jelly misses you. x2
Your magical contamination has completely faded away.
There is a stone staircase leading up here.
The quicksilver ooze is no longer moving slowly.
Magic courses through your body. The azure jelly closely misses you.
The azure jelly hits you. The azure jelly freezes you! You resist.
The azure jelly misses you. The azure jelly completely misses you.
The quicksilver ooze hits you! The quicksilver ooze barely misses you.
The azure jelly hits you. The azure jelly freezes you. You resist.
The azure jelly closely misses you. The azure jelly barely misses you.
The azure jelly closely misses you.
An acid blob comes into view.
The acid blob quivers.
Kikubaaqudgha calls piteous wretches from the earth!
An azure jelly, 2 acid blobs and a slime creature come into view.
Your reaping aura expires.
The quicksilver ooze hits you. The quicksilver ooze engulfs you!
The quicksilver ooze hits you but does no damage.
The quicksilver ooze completely misses you.
The quicksilver ooze hits you!
* * * LOW HITPOINT WARNING * * *
You feel your power leaking away. The azure jelly hits you!
* * * LOW HITPOINT WARNING * * *
The azure jelly freezes you! You resist.
You die...
Kikubaaqudgha rasps: "You have failed me!
Welcome... death!"

##### ##
###...##
..##......##
..........## .
#.........#
#.#..>JJ...##
............#
##.#....hJ...#
#......JJ...##
.......JJ..##
.....#.....#
......#....##
...#........#
#.##..9....##
###.........#
##......>.#


You could see 3 acid blobs, 2 azure jellies, a slime creature (wandering,
paralysed), a quicksilver ooze (ally target) and a friendly blazeheart golem
(summoned, paralysed).

Vanquished Creatures
  2 acid blobs (Slime:2)
  A rockslime (Slime:2)
  A nagaraja (Snake:2)
  A fire giant (D:14)
  A fire dragon (D:14)
  2 hydras
  Erica (D:8)
  An ironbound frostheart (IceCv)
  3 anacondas
  2 centaur warriors
  2 boulder beetles
  7 death yaks
  2 two-headed ogres
  A tengu warrior (D:11)
  2 naga warriors (Snake:2)
  A shock serpent (Snake:1)
  A skeletal warrior (D:15)
  Amaemon (D:9)
  3 mana vipers
  2 naga ritualists
  2 ugly things
  A wolf spider (D:15)
  A cyclops (D:12)
  An orc sorcerer (Orc:2)
  3 manticores
  9 black mambas
  An ice statue (IceCv)
  A torpor snail (Lair:3)
  5 elephants
  An orange demon (D:9)
  5 naga magi
  A guardian serpent (Snake:3)
  2 large abominations (Abyss:3)
  An alligator snapping turtle zombie (Abyss:3)
  A cane toad (Lair:1)
  2 rime drakes
  A centaur skeleton (D:8)
  Jeremiah (D:7)
  2 death yak zombies (IceCv)
  A tengu conjurer (D:15)
  2 ice devils (Orc:1)
  4 komodo dragons
  2 trolls
  A hornet (Lair:5)
  Grinder (D:5)
  7 polar bears
  A blink frog (Lair:4)
  2 slime creatures
  A black mamba zombie (Snake:3)
  A vampire (D:9)
  41 yaks
  A slime creature zombie (Slime:1)
  A wyvern (Lair:5)
  A basilisk (Lair:1)
  A dire elephant simulacrum (Lair:3)
  3 vampire mosquitoes (D:12)
  A warg (Orc:2)
  Menkaure (D:4)
  6 nagas (Snake:3)
  2 swamp worms (D:9)
  An acid dragon (D:12)
  3 water moccasins
  8 orc warriors
  A lindwurm zombie (Lair:3)
  A sky beast (D:7)
  3 centaurs
  3 ogres
  5 wolves
  2 bullfrogs
  3 wights (D:9)
  7 yak zombies
  A tengu zombie (D:15)
  9 killer bees
  A polar bear zombie (IceCv)
  6 electric eels
  A hound (D:6)
  2 orc priests
  A gnoll bouda (D:6)
  3 orc wizards
  A troll simulacrum (Lair:3)
  A naga zombie (Lair:3)
  2 ogre zombies (D:10)
  A howler monkey zombie (D:13)
  2 gnolls (D:11)
  3 adders
  9 orcs
  3 bats
  2 endoplasms
  A goblin (D:1)
  2 hobgoblins
  A jackal (D:4)
  A kobold (D:3)
  2 quokkas (D:4)
  A frilled lizard (D:1)
  A gnoll zombie (D:11)
  3 orc zombies
  2 rats
258 creatures vanquished.

Vanquished Creatures (collateral kills)
  4 acid blobs (Slime:1)
  The ghost of Likado the Spry, an adept MfSu of Fedhas (Snake:2)
  Gastronok (D:9)
  2 azure jellies (Slime:2)
  3 rockslimes (Slime:1)
  Louise (Snake:2)
  An orc warlord (Orc:2)
  A quicksilver ooze (Slime:2)
  Azrael (Orc:2)
  A dire elephant (Lair:5)
  Josephine (Orc:2)
  A great orb of eyes (Slime:2)
  A hydra (Lair:5)
  Erolcha (Orc:2)
  4 centaur warriors
  A vault guard (D:14)
  4 anacondas
  An ironbound frostheart (IceCv)
  A boulder beetle (D:13)
  2 catoblepae
  A two-headed ogre (D:11)
  7 death yaks
  3 naga warriors
  4 orc high priests (Orc:2)
  3 shock serpents
  2 naga sharpshooters (Snake:2)
  Urug (Lair:2)
  A salamander mystic (Snake:2)
  2 storm dragon skeletons (D:15)
  A skyshark (Lair:4)
  A skeletal warrior (D:15)
  2 mana vipers (Snake:2)
  A flayed ghost (D:15)
  A large abomination (Abyss:3)
  A bog body (Lair:3)
  A glowing orange brain (Slime:3)
  A naga ritualist (Snake:1)
  2 lindwurms
  Pikel (D:6)
  3 orc knights (Orc:2)
  4 deep elf pyromancers
  A necromancer (D:15)
  A harpy (shapeshifter) (D:15)
  5 orc sorcerers (Orc:2)
  A wolf spider (D:15)
  2 shining eyes
  9 ugly things
  2 cyclopes
  3 salamanders
  2 manticores
  7 elephants
  An ice statue (Lair:3)
  A guardian serpent (Snake:2)
  33 slime creatures
  12 black mambas
  6 cane toads
  5 naga magi
  2 centaur skeletons (D:8)
  6 rime drakes
  An unseen horror (D:10)
  Psyche (D:8)
  2 komodo dragons
  A troll (D:13)
  A hellwing (D:8)
  A blink frog (shapeshifter) (D:15)
  2 hornets
  10 polar bears
  A meliai zombie (D:8)
  A wolf spider simulacrum (D:14)
  2 raiju (D:10)
  9 blink frogs
  6 dream sheep
  A spriggan zombie (D:15)
  A vampire (D:14)
  A water elemental (D:15)
  39 yaks
  2 nameless horrors
  A shadow (D:10)
  9 wraiths
  4 basilisks
  A wyvern (D:11)
  7 golden eyes
  A steam dragon (D:10)
  A warg (Orc:2)
  8 vampire mosquitoes
  3 fire elementals (Orc:2)
  A harpy simulacrum (Lair:3)
  17 nagas
  12 water moccasins
  2 hell hounds (Orc:2)
  Duvessa (D:4)
  29 orc warriors
  3 laughing skulls (D:14)
  3 ice beasts
  4 sky beasts
  3 black bears
  3 ogres
  15 wolves
  12 centaurs
  3 lemures (D:6)
  A phantom (D:5)
  2 kobold brigands (D:10)
  10 bullfrogs
  A gnoll sergeant (D:11)
  5 scorpions
  12 wights
  Dowan (D:4)
  A troll zombie (D:10)
  An elephant simulacrum (Lair:3)
  6 killer bees
  8 howler monkeys
  3 hounds
  3 jellies
  24 orc priests
  An iguana (D:5)
  Terence (D:3)
  18 orc wizards
  3 sleepcaps
  A troll simulacrum (Lair:3)
  A boggart skeleton (D:8)
  A wolf simulacrum (Lair:3)
  5 ogre zombies (D:10)
  A howler monkey zombie (D:14)
  Robin (D:4)
  8 gnolls
  8 adders
  4 shadow imps (D:8)
  2 white imps
  3 ufetubi
  A ribbon worm (D:2)
  68 orcs
  6 endoplasms
  3 giant cockroaches
  4 gnoll zombies (D:10)
  15 goblins
  4 hobgoblins
  8 jackals
  16 kobolds
  2 quokkas (D:4)
  3 ball pythons
  5 bats
  A frilled lizard (D:3)
  4 gnoll skeletons (D:10)
  17 orc zombies
  7 rats
  A butterfly (Lair:2)
701 creatures vanquished.

Vanquished Creatures (others)
  A fire giant (D:14)
  An azure jelly (Slime:2)
  An acid blob zombie (Slime:1)
  A hydra (D:14)
  A naga sharpshooter (Snake:2)
  3 anaconda zombies
  2 mana vipers
  A wolf spider zombie (D:15)
  A fire giant zombie (D:14)
  3 ugly thing zombies (D:14)
  A salamander (Snake:1)
  2 guardian serpents
  A kobold blastminer (Orc:1)
  2 shock serpent zombies (Snake:1)
  2 black mambas (Snake:2)
  2 naga magi (Snake:2)
  3 mana viper zombies
  A death yak zombie (IceCv)
  A rime drake (Lair:3)
  2 catoblepas zombies
  3 hydra zombies
  A fire dragon zombie (D:14)
  3 human zombies
  3 guardian serpent zombies
  9 black mamba zombies
  2 slime creatures (Slime:2)
  6 slime creature zombies
  2 nagas (Snake:2)
  A two-headed ogre zombie (D:11)
  2 dream sheep zombies (Lair:5)
  4 blink frog zombies
  An elf zombie (D:14)
  A manticore zombie (D:13)
  3 rime drake zombies
  A komodo dragon zombie (Lair:3)
  2 salamander zombies
  A cyclops zombie (D:13)
  A warg zombie (Orc:2)
  3 water moccasin zombies
  2 polar bear zombies (Lair:3)
  A raiju zombie (D:10)
  12 yak zombies
  2 wolf zombies
  A bullfrog zombie (D:11)
  5 centaur zombies
  2 ogre zombies (Orc:2)
  A scorpion zombie (D:11)
  12 naga zombies
  4 howler monkey zombies
  46 orc zombies
  A jackal (D:15)
  An endoplasm zombie (D:14)
  A jackal zombie (D:15)
  127 blazeheart cores
  7 starspawn tentacles (Abyss:3)
306 creatures vanquished.

Grand Total: 1265 creatures vanquished

Notes
Turn   | Place    | Note
-------+----------+-------------------------------------------
     0 | D:1      | croobank the Felid Summoner began the quest for the Orb.
     0 | D:1      | Reached XP level 1. HP: 9/9 MP: 4/4
   249 | D:1      | Reached XP level 2. HP: 13/13 MP: 3/6
   788 | D:2      | Found a radiant altar of Vehumet.
   835 | D:2      | Learned a level 2 spell: Call Imp
   848 | D:2      | Reached XP level 3. HP: 16/16 MP: 2/7
   852 | D:2      | Learned a level 3 spell: Call Canine Familiar
  2031 | D:3      | Upgraded the game from 0.31-a0-1620-gcbf77bbcfc to
                  | 0.31-a0-1626-g5cb510d322
  2065 | D:3      | Reached XP level 4. HP: 21/21 MP: 6/8
  2065 | D:3      | Gained a life (2 lives remaining)
  2151 | D:3      | Noticed Terence
  2406 | D:3      | Reached skill level 1 in Fighting
  2406 | D:3      | Reached XP level 5. HP: 19/25 MP: 3/10
  3277 | D:4      | Noticed Menkaure
  3280 | D:4      | Killed Menkaure
  3281 | D:4      | Reached skill level 5 in Stealth
  3281 | D:4      | Gained mutation: You are covered in thick fur. (AC +2)
                  | [Felid growth]
  3281 | D:4      | Reached XP level 6. HP: 30/30 MP: 11/11
  3286 | D:4      | Learned a level 4 spell: Summon Blazeheart Golem
  3360 | D:4      | Reached skill level 5 in Summonings
  3446 | D:4      | Found a staircase to the Ecumenical Temple.
  3463 | Temple   | Entered the Ecumenical Temple
  3528 | D:4      | Noticed Dowan
  3580 | D:4      | Noticed Duvessa
  3598 | D:4      | Slain by Duvessa
  3598 | D:4      | Lost a life (1 life remaining)
  3634 | D:4      | Noticed Robin
  3645 | D:5      | Entered Level 5 of the Dungeon
  3823 | D:5      | Noticed Grinder
  3836 | D:5      | Killed Grinder
  3837 | D:5      | Reached skill level 5 in Dodging
  3837 | D:5      | Reached skill level 1 in Fire Magic
  3837 | D:5      | Reached XP level 7. HP: 27/35 MP: 1/13
  3837 | D:5      | Gained a life (2 lives remaining)
  4099 | D:5      | Found Husaf's Antique Armour Shop.
  4304 | D:5      | Found Rudos's General Store.
  4326 | D:5      | Bought a scroll of identify for 22 gold pieces
  4720 | D:5      | Found an iron altar of Okawaru.
  4927 | D:3      | Killed Terence
  5010 | D:4      | Noticed a nameless horror
  5088 | D:4      | Killed Robin
  5321 | D:4      | Learned a level 4 spell: Summon Lightning Spire
  5720 | D:5      | Reached XP level 8. HP: 40/40 MP: 10/15
  6060 | D:6      | Reached skill level 1 in Air Magic
  6354 | D:6      | Found Cisoesuf's Commerce Corner.
  6770 | D:6      | Noticed Pikel
  6796 | D:6      | Killed Pikel
  6870 | D:6      | Noticed an animated crystal plate armour
  6873 | D:6      | Found Cemeqaq's Armour Emporium.
  6873 | D:6      | Noticed an animated plate armour
  7021 | D:6      | Gained mutation: You are robust. (+10% HP) [potion of
                  | mutation]
  7021 | D:6      | Gained mutation: You are agile. (Dex +4, Str/Int -1)
                  | [potion of mutation]
  7027 | D:6      | HP: 2/46 [gnoll/+0 spear[a gnoll bouda] (1)]
  7349 | D:6      | Found an opulent altar of Gozag.
  7397 | D:6      | Found a sparkling altar of Nemelex Xobeh.
  7398 | D:6      | Found a snail-covered altar of Cheibriados.
  7515 | D:7      | Reached skill level 5 in Spellcasting
  7515 | D:7      | Reached XP level 9. HP: 50/50 MP: 12/17
  7653 | D:7      | Noticed Jeremiah
  7667 | D:7      | Killed Jeremiah
  7687 | D:7      | Reached skill level 5 in Fighting
  8365 | D:7      | Found a runed translucent door.
  8366 | D:7      | Noticed Crazy Yiuf
  8725 | D:8      | Reached XP level 10. HP: 58/58 MP: 4/19
  9111 | D:8      | Found a shimmering altar of Xom.
  9121 | D:8      | Noticed Psyche
  9141 | D:8      | Killed Psyche
  9142 | D:8      | Reached skill level 5 in Fire Magic
 10306 | D:8      | Found a white marble altar of Elyvilon.
 10535 | D:8      | Noticed Erica
 10545 | D:8      | Killed from afar by Erica
 10545 | D:8      | Lost a life (1 life remaining)
 10708 | D:8      | Killed Erica
 10709 | D:8      | Reached skill level 5 in Air Magic
 11659 | D:4      | Killed Duvessa
 11674 | D:4      | Killed Dowan
 12345 | D:9      | Noticed a two-headed ogre
 12352 | D:9      | Killed a two-headed ogre
 12353 | D:9      | Reached skill level 10 in Dodging
 12353 | D:9      | Reached XP level 11. HP: 63/63 MP: 18/22
 12353 | D:9      | Gained a life (2 lives remaining)
 12444 | D:9      | Found a radiant altar of Vehumet.
 12830 | D:9      | Noticed Amaemon
 12833 | D:9      | Found an ancient bone altar of Kikubaaqudgha.
 12841 | D:9      | Killed Amaemon
 12856 | D:9      | Became a worshipper of Kikubaaqudgha
 13130 | D:9      | Found a shimmering blue altar of Sif Muna.
 13224 | D:9      | Noticed Gastronok
 13237 | D:9      | Killed Gastronok
 13238 | D:9      | Reached skill level 2 in Necromancy
 13549 | D:10     | Entered Level 10 of the Dungeon
 14064 | D:10     | Reached * piety under Kikubaaqudgha
 14064 | D:10     | Received a gift from Kikubaaqudgha
 14071 | D:10     | Reached skill level 3 in Necromancy
 14083 | D:10     | Learned a level 4 spell: Animate Dead
 14603 | D:10     | Found a staircase to the Orcish Mines.
 14885 | D:10     | Reached ** piety under Kikubaaqudgha
 14984 | D:10     | Found a hide-covered altar of Uskayaw.
 14989 | D:10     | Reached skill level 4 in Necromancy
 15316 | D:11     | Noticed a tengu warrior
 15360 | D:11     | Noticed a two-headed ogre
 15377 | D:11     | Killed a two-headed ogre
 15389 | D:11     | Gained mutation: Your thick and shaggy fur keeps you warm.
                  | (AC +3, rC+) [Felid growth]
 15389 | D:11     | Reached XP level 12. HP: 71/71 MP: 6/25
 15420 | D:11     | Found a staircase to the Lair.
 15485 | D:11     | Found a gate leading to a gauntlet.
 15572 | Gauntlet | Entered a Gauntlet
 15572 | Gauntlet | Found a transporter.
 15596 | Gauntlet | Found a transporter.
 15597 | Gauntlet | Found a transporter.
 15608 | Gauntlet | Found a transporter.
 15609 | Gauntlet | Found a transporter.
 15610 | Gauntlet | Found a transporter.
 15615 | Gauntlet | Found a runed translucent gate.
 15616 | Gauntlet | Noticed a four-headed hydra
 15617 | Gauntlet | Found a transporter.
 15618 | Gauntlet | Found a runed translucent gate.
 15619 | Gauntlet | Found a runed translucent gate.
 15620 | Gauntlet | Found a transporter.
 15621 | Gauntlet | Found a transporter.
 15623 | Gauntlet | Noticed a death scarab
 15628 | Gauntlet | Noticed a death scarab
 15632 | Gauntlet | Found a transporter.
 15632 | Gauntlet | Found a transporter.
 15633 | Gauntlet | Found a transporter.
 15641 | Gauntlet | Found a transporter.
 15701 | Gauntlet | Found a transporter.
 15978 | D:11     | Killed a tengu warrior
 15979 | D:11     | Reached skill level 5 in Necromancy
 17319 | D:12     | Reached skill level 6 in Necromancy
 17504 | D:12     | Noticed a two-headed ogre
 17511 | D:12     | Killed a two-headed ogre
 17512 | D:12     | Reached skill level 10 in Summonings
 17974 | D:12     | Reached *** piety under Kikubaaqudgha
 17974 | D:12     | Received a gift from Kikubaaqudgha
 17975 | D:12     | Reached skill level 7 in Necromancy
 17986 | D:12     | Learned a level 6 spell: Death Channel
 18604 | D:13     | Noticed a boulder beetle
 18632 | D:13     | Killed a boulder beetle
 19001 | D:13     | Noticed a centaur warrior
 19061 | Lair:1   | Entered Level 1 of the Lair of Beasts
 19185 | D:5      | Bought a potion of curing for 33 gold pieces
 19268 | D:6      | Bought 2 potions of cancellation for 208 gold pieces
 19489 | Lair:1   | Reached skill level 8 in Necromancy
 19997 | Lair:1   | Reached XP level 13. HP: 71/78 MP: 24/27
 20545 | Lair:2   | Reached **** piety under Kikubaaqudgha
 20623 | Lair:2   | Reached skill level 9 in Necromancy
 20921 | Lair:2   | Reached skill level 10 in Fighting
 21024 | Lair:2   | Noticed Urug
 21031 | Lair:2   | Killed Urug
 21693 | Lair:3   | Reached skill level 10 in Necromancy
 21720 | Lair:3   | Found a staircase to the Snake Pit.
 21770 | Lair:3   | Reached skill level 10 in Spellcasting
 21916 | Lair:3   | Found a snail-covered altar of Cheibriados.
 22147 | Lair:3   | Reached skill level 11 in Necromancy
 22168 | Lair:3   | Found a staircase to the Shoals.
 22526 | Lair:3   | Learned a level 1 spell: Apportation
 23170 | Lair:3   | Reached skill level 12 in Necromancy
 24124 | Lair:4   | Reached ***** piety under Kikubaaqudgha
 24127 | Lair:4   | Reached XP level 14. HP: 64/84 MP: 5/29
 24176 | Lair:4   | Learned a level 7 spell: Haunt
 24772 | Lair:5   | Entered Level 5 of the Lair of Beasts
 24830 | Lair:5   | Found a staircase to the Slime Pits.
 24830 | Lair:5   | Found a viscous altar of Jiyva.
 25037 | Lair:5   | Reached skill level 13 in Necromancy
 26757 | Lair:5   | Found a shadowy altar of Dithmenos.
 26934 | Orc:1    | Entered Level 1 of the Orcish Mines
 27374 | Orc:1    | Found a frozen archway.
 27383 | IceCv    | Entered an ice cave
 28198 | IceCv    | Reached skill level 14 in Necromancy
 28749 | IceCv    | Identified the +1 pair of boots of Farogh {Regen+}
 29264 | Orc:2    | Entered Level 2 of the Orcish Mines
 29264 | Orc:2    | Found a staircase to the Elven Halls.
 29277 | Orc:2    | Reached XP level 15. HP: 88/88 MP: 12/31
 29280 | Orc:2    | Noticed Erolcha
 29296 | Orc:2    | Killed Erolcha
 29427 | Orc:2    | Noticed Azrael
 29433 | Orc:2    | Killed Azrael
 29440 | Orc:2    | Your ally Erolcha died
 29592 | Orc:2    | Found Qaifuff's CLEARANCE SALE!.
 29597 | Orc:2    | Bought a wand of mindburst (6) for 42 gold pieces
 29739 | Orc:2    | Reached ****** piety under Kikubaaqudgha
 29740 | Orc:2    | Noticed Josephine
 29753 | Orc:2    | Killed Josephine
 30337 | Orc:2    | Received a gift from Kikubaaqudgha (forbidden knowledge)
 30366 | Orc:2    | Reached skill level 15 in Necromancy
 32079 | Orc:2    | Found Beomubo's Antique Armour Shoppe.
 32080 | Orc:2    | Found Ducoh's Antique Weapon Emporium.
 32082 | Orc:2    | Found Zefraelu's General Store.
 32082 | Orc:2    | Found Jegeiraw's Jewellery Shoppe.
 32088 | Orc:2    | Bought a ring of wizardry for 360 gold pieces
 32102 | Orc:2    | Learned a level 9 spell: Death's Door
 32151 | Orc:2    | Gained mutation: You are dopey. (Int -2) [mutagenic glow]
 32168 | Orc:2    | Gained mutation: Potions are less effective at restoring
                  | your health. [mutagenic glow]
 33108 | D:14     | Reached skill level 16 in Necromancy
 33117 | D:14     | Found a bloodstained altar of Trog.
 33778 | D:14     | Noticed a fire giant
 34712 | D:14     | Found a gate to the Vaults.
 34962 | D:15     | Entered Level 15 of the Dungeon
 35842 | D:15     | Found a staircase to the Depths.
 35856 | D:15     | Reached skill level 17 in Necromancy
 36353 | Snake:1  | Entered Level 1 of the Snake Pit
 36471 | Snake:1  | Slain by an anaconda
 36471 | Snake:1  | Lost a life (1 life remaining)
 36690 | Snake:1  | Found Kuxtowe's Armour Shop.
 36692 | Snake:1  | Found Ogaddurytz's Assorted Antiques.
 36695 | Snake:1  | Found Ochov's Magic Scroll Shop.
 36700 | Snake:1  | Bought a scroll labelled REC WELOIC for 34 gold pieces
 36700 | Snake:1  | Bought a scroll of identify for 68 gold pieces
 36754 | Snake:1  | Bought a scroll of immolation for 52 gold pieces
 36754 | Snake:1  | Bought a scroll of amnesia for 52 gold pieces
 36754 | Snake:1  | Bought a scroll of fear for 52 gold pieces
 36781 | Snake:1  | Reached XP level 16. HP: 93/93 MP: 19/33
 36781 | Snake:1  | Gained a life (2 lives remaining)
 37676 | Snake:2  | Noticed Louise
 37698 | Snake:2  | Killed Louise
 38021 | Snake:2  | Your ally Louise died
 38189 | Snake:2  | Found a runed translucent door.
 38191 | Snake:2  | Noticed Likado's ghost (adept MfSu)
 38259 | Abyss:3  | Cast into level 3 of the Abyss (Likado's ghost)
 38275 | Abyss:3  | Found a corrupted altar of Lugonu.
 38350 | Abyss:3  | HP: 2/93 [smoke demon/divine providence (12)]
 38355 | Abyss:3  | Noticed a tentacled starspawn
 38355 | Abyss:3  | HP: 2/93 [burnt (4)]
 38372 | Snake:2  | Escaped the Abyss
 38372 | Snake:2  | Slain by Likado's ghost
 38372 | Snake:2  | Lost a life (1 life remaining)
 38416 | Snake:2  | Killed Likado's ghost
 38417 | Snake:2  | Reached skill level 18 in Necromancy
 38429 | Snake:2  | Identified the staff of the Establishment {rF- rC+ Str+2
                  | Int+5 Hexes Ice}
 38482 | Snake:2  | Found Nosuvvi's Magic Scroll Shop.
 38485 | Snake:2  | Bought a scroll of identify for 30 gold pieces
 38485 | Snake:2  | Bought a scroll of identify for 30 gold pieces
 38876 | Snake:2  | You fall into a shaft and drop 1 floor!
 38910 | Snake:3  | Slain by a black mamba
 38910 | Snake:3  | Lost a life (0 lives remaining)
 38911 | Snake:3  | Found a shimmering altar of Xom.
 38971 | Snake:2  | Found a hide-covered altar of Uskayaw.
 39211 | Slime:1  | Entered Level 1 of the Pits of Slime
 39238 | Slime:1  | Noticed an acid blob
 39247 | Slime:1  | Killed an acid blob
 39249 | Slime:1  | Noticed an acid blob
 39257 | Slime:1  | Killed an acid blob
 39508 | Slime:1  | Noticed an acid blob
 39512 | Slime:1  | Noticed an acid blob
 39517 | Slime:1  | Killed an acid blob
 39520 | Slime:1  | Killed an acid blob
 39877 | Slime:2  | Reached skill level 19 in Necromancy
 40407 | Slime:2  | Noticed an acid blob
 40825 | Slime:3  | Noticed an acid blob
 40825 | Slime:3  | Slain by an azure jelly

Illustrated notes

Levels and vault maps discovered:
D:1:      wander_arrival_peaceful_grave, layout_basic, dreamdust_wishing_well,
          hangedman_abyss_or_decor_stabs
D:2:      layout_basic, basic_altar, serial_bayou_pond_a
D:3:      layout_loops_ring, uniq_terence
D:4:      layout_basic, minmay_temple_entry_offerings, uniq_menkaure,
          uniq_robin, uniq_duvessa
D:5:      layout_basic, mainiacjoe_overflow_alcove_1, serial_shops, shop,
          nicolae_shop_behind_doors, serial_park_tiny_2,
          grunt_decor_mini_mirrors, serial_bayou_pond_c,
          nicolae_figureground_pulse, uniq_grinder
D:6:      layout_loops_cross, gammafunk_temple_overflow_pools,
          general_overflow_altar, serial_shops, nicolae_shop_mannequins,
          nicolae_alphabet_shops, uniq_pikel
D:7:      layout_loops_ring, uniq_jeremiah, uniq_crazy_yiuf_cottage
D:8:      cheibrodos_grave_circle, layout_basic,
          mainiacjoe_overflow_concentric_impassable, elyvilon_altar_1,
          serial_rivers, chequers_serial_rivers_micro_b,
          chequers_serial_rivers_micro_a, chequers_serial_rivers_small_b,
          chequers_serial_rivers_micro_a, chequers_serial_rivers_small_b,
          uniq_erica, uniq_psyche
D:9:      layout_basic, mainiacjoe_overflow_catch_the_wave, fiery_altar_vehumet,
          enter_bailey_2, worms_lemuel, uniq_gastronok, uniq_amaemon
D:10:     layout_irregular_city, nicolae_uskayaw_dance_studio,
          zombieorc2_lemuel, nicolae_have_a_lightning_rod
D:11:     layout_basic, grunt_lair_entry_orc_guard_hut, serial_corexii_hall,
          chequers_hall_statues_wall_a, corexii_hall_statues_i,
          corexii_hall_statues_u, chequers_hall_statues_wall_a,
          corexii_hall_statues_x, chequers_hall_statues_wall_a,
          gauntlet_entry_generic
D:12:     layout_gridville
D:13:     layout_irregular_city, columned_hall_lemuel
D:14:     layout_basic, david_vaults_5, bloody_trog
D:15:     gammafunk_depths_entry_grave, layout_rooms, serial_ice, serial_ice_l,
          serial_ice_a, serial_ice_n, serial_ice_h
Temple:   chequers_temple_sunken
Lair:1:   layout_cellular_growth, serial_bayou_shore_a
Lair:2:   layout_misc_corridors, fungi_pond_lemuel, lemuel_fruit_fields,
          infiniplex_staircase_pool, uniq_urug
Lair:3:   dreamdust_isle_of_ice, layout_cave_pods, minmay_shoals_entry_centaurs,
          guppyfry_snake_entry_island, kennysheep_snail_temple
Lair:4:   layout_regular_city
Lair:5:   hangedman_lair_in_review, layout_regular_city, slime_entry_1,
          chequers_serial_rivers_micro_b, lemuel_centaur_altar
Snake:1:  layout_rooms, minmay_shop_star
Snake:2:  layout_honeycomb, gammafunk_ghost_grave, serial_shops,
          nicolae_shop_trees, basic_altar, serial_bayou_shore_b, uniq_louise
Snake:3:  layout_rooms, basic_altar, uniq_vashnia
Slime:1:  layout_caves, cheibrodos_slime_lost_civilization_5
Slime:2:  layout_caves, cheibrodos_slime_lost_civilization_6
Slime:3:  layout_caves, basic_altar
Orc:1:    layout_caves, portal_ice_cave_demonic_guard, basic_altar
Orc:2:    st_orc_congregation, layout_diamond_mine, nicolae_shop_clearance,
          uniq_josephine, uniq_erolcha, uniq_azrael

Skill      XL: |  1  2  3  4  5  6  7  8  9 10 11 12 13 14 15 16 |
---------------+-------------------------------------------------+-----
Stealth        | 3 4 5 |  5.0
Dodging        | 3 4 5 6 7 8 10 | 10.4
Fighting       | 1 2 3 4 5 7 8 9 10 | 10.0
Spellcasting   | 3 4 5 7 8 9 10 11 12 14 | 14.1
Summonings     | 5 6 7 8 9 10 12 | 12.0
Fire Magic     | 1 2 3 4 5 |  5.0
Air Magic      | 2 3 5 6 7 |  7.0
Necromancy     | 4 8 12 14 17 19 | 19.2

Action                     |  1- 3 |  4- 6 |  7- 9 | 10-12 | 13-15 | 16-18 || total
---------------------------+-------+-------+-------+-------+-------+-------++-------
  Melee: Unarmed           |    37 |    11 |    38 |    75 |   360 |    34 ||   555
         Bite              |     4 |     1 |     3 |    18 |    75 |       ||   101
         Punch             |       |       |     2 |     2 |     5 |       ||     9
   Cast: Summon Small Mamm |    34 |    27 |    22 |    36 |    33 |       ||   152
         Call Imp          |     8 |    13 |    19 |    19 |    18 |       ||    77
         Call Canine Famil |     7 |     9 |    19 |    31 |    43 |     6 ||   115
         Summon Blazeheart |       |     4 |    20 |    69 |   102 |    20 ||   215
         Summon Lightning  |       |       |    12 |    61 |    97 |    17 ||   187
         Animate Dead      |       |       |       |     5 |    47 |    16 ||    68
         Death Channel     |       |       |       |       |    93 |    19 ||   112
         Apportation       |       |       |       |       |    10 |       ||    10
         Haunt             |       |       |       |       |    42 |    20 ||    62
 Invoke: Unearth Wretches  |       |       |       |       |     9 |    15 ||    24
         Receive Forbidden |       |       |       |       |     1 |       ||     1
  Evoke: Wand              |       |     3 |     6 |    15 |     6 |     1 ||    31
         Sack of spiders   |       |       |       |       |     1 |     1 ||     2
         Lightning rod     |       |       |       |       |       |     1 ||     1
    Use: Scroll            |     1 |     1 |     6 |     8 |    17 |     7 ||    40
         Potion            |       |       |     4 |     2 |     6 |     5 ||    17
   Stab: Sleeping          |     3 |     4 |     4 |     4 |     2 |       ||    17
         Distracted        |     1 |     1 |     1 |     4 |    15 |     2 ||    24
         Paralysed         |       |       |       |       |    12 |    18 ||    30
 Armour: Skin              |    11 |    10 |    25 |    75 |   275 |    70 ||   466
  Dodge: Dodged            |    45 |    13 |    83 |   254 |   709 |   121 ||  1225
   Form: Beast             |       |     1 |       |       |       |       ||     1

Table legend: (Time is in decaauts)
 A = Elapsed time spent in this place.
 B = Non-inter-level travel time spent in this place.
 C = Inter-level travel time spent in this place.
 D = Time resting spent in this place.
 E = Time spent auto-exploring this place.
 F = Levels seen in this place.
 G = Mean time per level.
                   A        B        C        D        E       F      G
               +--------+--------+--------+--------+--------+-----+--------+
         Total |  41019 |  38937 |   2082 |   7130 |  22177 |  32 | 1281.8 |
       Dungeon |  23161 |  21604 |   1557 |   4660 |  12617 |  15 | 1544.1 |
        Temple |     67 |     37 |     30 |      0 |      0 |   1 |   67.0 |
          Lair |   7712 |   7356 |    356 |    430 |   5173 |   5 | 1542.4 |
     Snake Pit |   2666 |   2603 |     63 |    351 |   1517 |   3 |  888.7 |
    Slime Pits |   1612 |   1585 |     27 |    248 |    755 |   3 |  537.3 |
  Orcish Mines |   3949 |   3903 |     46 |    990 |   1908 |   2 | 1974.5 |
         Abyss |    112 |    112 |      0 |      0 |      0 |   1 |  112.0 |
      Ice Cave |   1424 |   1424 |      0 |    422 |    189 |   1 | 1424.0 |
      Gauntlet |    310 |    310 |      0 |     29 |     18 |   1 |  310.0 |
               +--------+--------+--------+--------+--------+-----+--------+

Top non-repeatable levels by time:
     D:8: 2521 daAuts
   Orc:2: 2379 daAuts
  Lair:5: 2065 daAuts
  Lair:3: 2047 daAuts
    D:10: 1901 daAuts
    D:14: 1887 daAuts
     D:6: 1858 daAuts
     D:5: 1768 daAuts
    D:12: 1656 daAuts
     D:4: 1655 daAuts
     D:9: 1578 daAuts
   Orc:1: 1570 daAuts
 Snake:2: 1542 daAuts
   IceCv: 1424 daAuts
    D:11: 1388 daAuts
